| TOP OF THE 1ST |
|
Bristol Bees batting - Pitching for Pulaski Counts : RHP Ramon Toro
|
|
Pitching: RHP Ramon Toro
|
|
|
Batting: RHB Tracy Jones
|
0-0: Ball 1-0: Ball 2-0: Ball 3-0: Base on Balls
|
|
Batting: RHB Timothy Utecht
|
0-0: Called Strike 0-1: Grounds into double play, 5-4-3 (Groundball, 56S, EV 85.6 MPH)
|
|
Batting: LHB Joe Orsulak
|
0-0: Called Strike 0-1: SINGLE (Groundball, 56S, EV 72.5 MPH) (infield hit)
|
|
Batting: SHB Dale Sveum
|
0-0: Fly out, F7 (Flyball, 78D, EV 99.4 MPH)
|
| Top of the 1st over - 0 runs, 1 hit, 0 errors, 1 left on base; Bristol 0 - Pulaski 0 |
| BOTTOM OF THE 1ST |
|
Pulaski Counts batting - Pitching for Bristol Bees : RHP Juan Ruiz
|
|
Pitching: RHP Juan Ruiz
|
|
|
Batting: RHB Eric Jones
|
0-0: Foul Ball, location: 2F 0-1: Swinging Strike 0-2: Ball 1-2: Strikes out swinging
|
|
Batting: RHB Brett Benza
|
0-0: Fly out, F9 (Flyball, 89S, EV 92.5 MPH)
|
|
Batting: RHB Roberto Kelly
|
0-0: Ball 1-0: Ball 2-0: Foul Ball, location: 2F 2-1: Ball 3-1: Ground out 5-3 (Groundball, 56S, EV 65.0 MPH)
|
| Bottom of the 1st over - 0 runs, 0 hits, 0 errors, 0 left on base; Bristol 0 - Pulaski 0 |
| TOP OF THE 2ND |
|
Bristol Bees batting - Pitching for Pulaski Counts : RHP Ramon Toro
|
|
Batting: RHB Jerome Kovar
|
0-0: Ball 1-0: Ball 2-0: Foul Ball, location: 2F 2-1: Ball 3-1: Base on Balls
|
|
Batting: SHB Bernie Tatis
|
0-0: Ball 1-0: Called Strike 1-1: Ball 2-1: Swinging Strike 2-2: Strikes out swinging
|
|
Batting: RHB Glenallen Hill
|
0-0: Called Strike 0-1: Ball 1-1: Ball 2-1: Called Strike 2-2: Strikes out swinging Jerome Kovar is caught stealing 2nd base 2-4 Batter strikes out.
|
| Top of the 2nd over - 0 runs, 0 hits, 0 errors, 0 left on base; Bristol 0 - Pulaski 0 |
| BOTTOM OF THE 2ND |
|
Pulaski Counts batting - Pitching for Bristol Bees : RHP Juan Ruiz
|
|
Batting: RHB John DiGioia
|
0-0: Ground out 6-3 (Groundball, 6MS, EV 83.8 MPH)
|
|
Batting: SHB Steve Walker
|
0-0: Foul Ball, location: 2F 0-1: Swinging Strike 0-2: Fly out, F7 (Flyball, 7S, EV 89.4 MPH)
|
|
Batting: RHB Jeffrey Ahlert
|
0-0: SINGLE (Groundball, 56D, EV 109.4 MPH)
|
|
Batting: RHB Elias Guzman
|
0-0: Foul Ball, location: 2F 0-1: Ball 1-1: Swinging Strike 1-2: Fly out, F3 (Popup, 3SF, EV 77.5 MPH)
|
| Bottom of the 2nd over - 0 runs, 1 hit, 0 errors, 1 left on base; Bristol 0 - Pulaski 0 |
| TOP OF THE 3RD |
|
Bristol Bees batting - Pitching for Pulaski Counts : RHP Ramon Toro
|
|
Batting: RHB Juan Burgos
|
0-0: Called Strike 0-1: Ball 1-1: Foul Ball, location: 2F 1-2: Ball 2-2: Strikes out swinging
|
|
Batting: RHB Rory Dixon
|
0-0: Ball 1-0: Foul Ball, location: 2F 1-1: Ball 2-1: Foul Ball, location: 2F 2-2: Ball 3-2: Foul Ball, location: 2F 3-2: Base on Balls
|
|
Batting: RHB Tracy Jones
|
0-0: Ball Rory Dixon steals 2nd base 1-0: Ball 2-0: Called Strike 2-1: Ball 3-1: DOUBLE (Line Drive, 3D, EV 103.1 MPH) Rory Dixon scores
|
|
Batting: RHB Timothy Utecht
|
0-0: Swinging Strike 0-1: Ball 1-1: Swinging Strike 1-2: Ball 2-2: Foul Ball, location: 2F 2-2: Fly out, F4 (Line Drive, 4, EV 75.0 MPH)
|
|
Batting: LHB Joe Orsulak
|
0-0: Called Strike 0-1: Ball 1-1: Swinging Strike 1-2: Fly out, F9 (Flyball, 9S, EV 88.1 MPH)
|
| Top of the 3rd over - 1 run, 1 hit, 0 errors, 1 left on base; Bristol 1 - Pulaski 0 |
| BOTTOM OF THE 3RD |
|
Pulaski Counts batting - Pitching for Bristol Bees : RHP Juan Ruiz
|
|
Batting: LHB Jon Zureich
|
0-0: Called Strike 0-1: Foul Ball, location: 2F 0-2: Ball 1-2: Foul Ball, location: 2F 1-2: Foul Ball, location: 2F 1-2: Ball 2-2: Ground out 5-3 (Groundball, 25, EV 81.9 MPH)
|
|
Batting: RHB Dario Vasquez
|
0-0: Foul Ball, location: 2F 0-1: Ball 1-1: Ground out 6-3 (Groundball, 6, EV 84.4 MPH)
|
|
Batting: RHB Eric Jones
|
0-0: Ball 1-0: Called Strike 1-1: Ground out 6-3 (Groundball, 56, EV 88.8 MPH)
|
| Bottom of the 3rd over - 0 runs, 0 hits, 0 errors, 0 left on base; Bristol 1 - Pulaski 0 |
| TOP OF THE 4TH |
|
Bristol Bees batting - Pitching for Pulaski Counts : RHP Ramon Toro
|
|
Batting: SHB Dale Sveum
|
0-0: Ball 1-0: Swinging Strike 1-1: SINGLE (Line Drive, 4MD, EV 105.6 MPH)
|
|
Batting: RHB Jerome Kovar
|
0-0: Called Strike 0-1: Fielders Choice at 2nd, 1-4 (Groundball, 25, EV 67.5 MPH)
|
|
Batting: SHB Bernie Tatis
|
0-0: Ball 1-0: Called Strike 1-1: Called Strike 1-2: Foul Ball, location: 2F 1-2: Ball 2-2: Foul Ball, location: 2F 2-2: Ball Jerome Kovar steals 2nd base 3-2: Base on Balls
|
|
Batting: RHB Glenallen Hill
|
0-0: Ball 1-0: Ball Jerome Kovar steals 3rd base 2-0: Called Strike 2-1: Ball 3-1: Fly out, F3 (Popup, 3SF, EV 75.6 MPH)
|
|
Batting: RHB Juan Burgos
|
0-0: Ball 1-0: Called Strike 1-1: Swinging Strike 1-2: Ball 2-2: Foul Ball, location: 2F 2-2: Strikes out swinging
|
| Top of the 4th over - 0 runs, 1 hit, 0 errors, 2 left on base; Bristol 1 - Pulaski 0 |
| BOTTOM OF THE 4TH |
|
Pulaski Counts batting - Pitching for Bristol Bees : RHP Juan Ruiz
|
|
Batting: RHB Brett Benza
|
0-0: Foul Ball, location: 2F 0-1: SINGLE (Groundball, 25, EV 63.1 MPH) (infield hit)
|
|
Batting: RHB Roberto Kelly
|
0-0: Called Strike 0-1: Ball 1-1: Grounds into double play, 6-4-3 (Groundball, 6, EV 106.9 MPH)
|
|
Batting: RHB John DiGioia
|
0-0: SINGLE (Groundball, 4MD, EV 106.9 MPH)
|
|
Batting: SHB Steve Walker
|
0-0: Ball 1-0: Ball 2-0: Called Strike 2-1: Ground out 4-3 (Groundball, 4, EV 102.5 MPH)
|
| Bottom of the 4th over - 0 runs, 2 hits, 0 errors, 1 left on base; Bristol 1 - Pulaski 0 |
| TOP OF THE 5TH |
|
Bristol Bees batting - Pitching for Pulaski Counts : RHP Ramon Toro
|
|
Batting: RHB Rory Dixon
|
0-0: Ball 1-0: SINGLE (Groundball, 6M, EV 101.9 MPH) (infield hit)
|
|
Batting: RHB Tracy Jones
|
0-0: Ball Wild Pitch! Rory Dixon to second 1-0: Called Strike 1-1: Swinging Strike 1-2: Ground out 1-3 (Groundball, 13S, EV 71.9 MPH) Rory Dixon to third
|
|
Batting: RHB Timothy Utecht
|
0-0: Ball 1-0: Ball 2-0: Called Strike 2-1: Swinging Strike 2-2: Strikes out swinging
|
|
Batting: LHB Joe Orsulak
|
0-0: Ball 1-0: Foul Ball, location: 2F 1-1: Ball 2-1: Ball 3-1: Base on Balls
|
|
Batting: SHB Dale Sveum
|
0-0: Fly out, F2 (Popup, 25F, EV 85.0 MPH)
|
| Top of the 5th over - 0 runs, 1 hit, 0 errors, 2 left on base; Bristol 1 - Pulaski 0 |
| BOTTOM OF THE 5TH |
|
Pulaski Counts batting - Pitching for Bristol Bees : RHP Juan Ruiz
|
|
Batting: RHB Jeffrey Ahlert
|
0-0: Ball 1-0: Swinging Strike 1-1: Ball 2-1: Foul Ball, location: 2F 2-2: Ball 3-2: Strikes out swinging
|
|
Batting: RHB Elias Guzman
|
0-0: Called Strike 0-1: Fly out, F6 (Line Drive, 6, EV 68.1 MPH)
|
|
Batting: LHB Jon Zureich
|
0-0: Foul Ball, location: 2F 0-1: Ball 1-1: Ground out 4-3 (Groundball, 4, EV 90.0 MPH)
|
| Bottom of the 5th over - 0 runs, 0 hits, 0 errors, 0 left on base; Bristol 1 - Pulaski 0 |
| TOP OF THE 6TH |
|
Bristol Bees batting - Pitching for Pulaski Counts : RHP Ramon Toro
|
|
Batting: RHB Jerome Kovar
|
0-0: Ball 1-0: SINGLE (Groundball, 6D, EV 103.8 MPH)
|
|
Batting: SHB Bernie Tatis
|
0-0: Sac Bunt to 15S - play at first, batter OUT! 1-4 Jerome Kovar to second
|
|
Batting: RHB Glenallen Hill
|
0-0: Ball 1-0: Ball 2-0: Ball Jerome Kovar steals 3rd base 3-0: Base on Balls
|
|
Batting: RHB Juan Burgos
|
0-0: Foul Ball, location: 2F 0-1: Swinging Strike 0-2: Strikes out swinging
|
|
Batting: RHB Rory Dixon
|
0-0: Called Strike 0-1: Fly out, F3 (Popup, 34S, EV 69.4 MPH)
|
| Top of the 6th over - 0 runs, 1 hit, 0 errors, 2 left on base; Bristol 1 - Pulaski 0 |
| BOTTOM OF THE 6TH |
|
Pulaski Counts batting - Pitching for Bristol Bees : RHP Juan Ruiz
|
|
Batting: RHB Dario Vasquez
|
0-0: Called Strike 0-1: SINGLE (Flyball, 89S, EV 91.3 MPH)
|
|
Batting: RHB Eric Jones
|
0-0: Bunted foul 0-1: Sac Bunt to P - play at first, batter OUT! 1-4 Dario Vasquez to second
|
|
Batting: RHB Brett Benza
|
0-0: SINGLE (Groundball, 6D, EV 97.5 MPH) Dario Vasquez to third Runner from 3rd tries for Home, SAFE, throw by LF to home Brett Benza to second
|
|
Batting: RHB Roberto Kelly
|
0-0: Ball Brett Benza is caught stealing 3rd base 2-5 1-0: Ball 2-0: Ball 3-0: Called Strike 3-1: Ground out 6-3 (Groundball, 56, EV 84.4 MPH)
|
| Bottom of the 6th over - 1 run, 2 hits, 0 errors, 0 left on base; Bristol 1 - Pulaski 1 |
| TOP OF THE 7TH |
|
Bristol Bees batting - Pitching for Pulaski Counts : RHP Ramon Toro
|
|
Batting: RHB Tracy Jones
|
0-0: Ball 1-0: Ball 2-0: Ball 3-0: Base on Balls
|
|
Batting: RHB Timothy Utecht
|
0-0: Ball 1-0: Ball 2-0: Swinging Strike 2-1: Ball 3-1: SINGLE (Groundball, 34D, EV 99.4 MPH) Tracy Jones to second Runner from 2nd tries for 3rd, SAFE, throw by RF made to third
|
|
Batting: LHB Joe Orsulak
|
0-0: Ball 1-0: Fly out, F8 (Flyball, 8RD, EV 93.1 MPH) Runner from 3rd tags up, SCORES, throw by CF
|
|
Batting: SHB Dale Sveum
|
0-0: Called Strike 0-1: Called Strike 0-2: Fly out, F7 (Flyball, 78D, EV 98.8 MPH)
|
|
Batting: RHB Jerome Kovar
|
0-0: Ball 1-0: Fielders Choice at 2nd, 6-4 (Groundball, 6, EV 100.6 MPH)
|
| Top of the 7th over - 1 run, 1 hit, 0 errors, 1 left on base; Bristol 2 - Pulaski 1 |
| BOTTOM OF THE 7TH |
|
Pulaski Counts batting - Pitching for Bristol Bees : RHP Juan Ruiz
|
|
Batting: RHB John DiGioia
|
0-0: Foul Ball, location: 2F 0-1: Ball 1-1: Foul Ball, location: 2F 1-2: Ball 2-2: Ground out 6-3 (Groundball, 6, EV 98.1 MPH)
|
|
Batting: SHB Steve Walker
|
0-0: Called Strike 0-1: Ball 1-1: Ball 2-1: Ground out 1-3 (Groundball, 13S, EV 66.9 MPH)
|
|
Batting: RHB Jeffrey Ahlert
|
0-0: Called Strike 0-1: Ball 1-1: Ground out 6-3 (Groundball, 6, EV 85.6 MPH)
|
| Bottom of the 7th over - 0 runs, 0 hits, 0 errors, 0 left on base; Bristol 2 - Pulaski 1 |
| TOP OF THE 8TH |
|
Bristol Bees batting - Pitching for Pulaski Counts : RHP Ramon Toro
|
|
Batting: SHB Bernie Tatis
|
0-0: Ball 1-0: Swinging Strike 1-1: Foul Ball, location: 2F 1-2: Strikes out looking
|
|
Batting: RHB Glenallen Hill
|
0-0: Called Strike 0-1: Ball 1-1: Ball 2-1: Foul Ball, location: 2F 2-2: Foul Ball, location: 2F 2-2: SINGLE (Groundball, 6MD, EV 108.8 MPH)
|
|
Batting: RHB Juan Burgos
|
0-0: Ball 1-0: Called Strike 1-1: Fielders Choice at 2nd, 4-6 (Groundball, 34, EV 95.6 MPH)
|
|
Batting: RHB Rory Dixon
|
0-0: Fielders Choice at 2nd, U4 (Groundball, 4M, EV 105.0 MPH)
|
| Top of the 8th over - 0 runs, 1 hit, 0 errors, 1 left on base; Bristol 2 - Pulaski 1 |
| BOTTOM OF THE 8TH |
|
Pulaski Counts batting - Pitching for Bristol Bees : RHP Juan Ruiz
|
|
Batting: RHB Elias Guzman
|
0-0: Foul Ball, location: 2F 0-1: Ground out 6-3 (Groundball, 6, EV 86.3 MPH)
|
|
Batting: LHB Jon Zureich
|
0-0: Ball 1-0: Ball 2-0: Ball 3-0: Base on Balls
|
|
Pinch Hitting: LHB Claudio Rodriguez
|
0-0: Ball 1-0: Fielders Choice at 2nd, 1-4 (Groundball, 15S, EV 69.4 MPH)
|
|
Batting: RHB Eric Jones
|
0-0: Called Strike 0-1: Ball 1-1: Ball 2-1: Fly out, F4 (Popup, 4S, EV 69.4 MPH)
|
| Bottom of the 8th over - 0 runs, 0 hits, 0 errors, 1 left on base; Bristol 2 - Pulaski 1 |
| TOP OF THE 9TH |
|
Bristol Bees batting - Pitching for Pulaski Counts : RHP Ramon Toro
|
|
Pitching: RHP Dennis Gadowski
|
|
|
Now at 3B: Scott Beals
|
|
|
Batting: RHB Tracy Jones
|
0-0: Ball 1-0: Swinging Strike 1-1: Called Strike 1-2: Foul Ball, location: 2F 1-2: Fly out, F8 (Flyball, 89XD, EV 86.3 MPH)
|
|
Batting: RHB Timothy Utecht
|
0-0: Ball 1-0: Ball 2-0: Fly out, F8 (Line Drive, 8LM, EV 100.6 MPH)
|
|
Batting: LHB Joe Orsulak
|
0-0: Ball 1-0: Called Strike 1-1: Swinging Strike 1-2: Ground out 4-3 (Groundball, 4, EV 86.9 MPH)
|
| Top of the 9th over - 0 runs, 0 hits, 0 errors, 0 left on base; Bristol 2 - Pulaski 1 |
| BOTTOM OF THE 9TH |
|
Pulaski Counts batting - Pitching for Bristol Bees : RHP Juan Ruiz
|
|
Pitching: RHP Jose Cano
|
|
|
Now at 2B: Garry Harris
|
|
|
Batting: RHB Brett Benza
|
0-0: Ball 1-0: Called Strike 1-1: Called Strike 1-2: Fly out, F9 (Line Drive, 9, EV 96.9 MPH)
|
|
Batting: RHB Roberto Kelly
|
0-0: Called Strike 0-1: Ball 1-1: Foul Ball, location: 2F 1-2: Ball 2-2: SINGLE (Line Drive, 89M, EV 103.8 MPH)
|
|
Batting: RHB John DiGioia
|
0-0: Called Strike 0-1: Ball Wild Pitch! Roberto Kelly to second 1-1: Swinging Strike 1-2: Strikes out swinging
|
|
Batting: SHB Steve Walker
|
0-0: Ball 1-0: Ball 2-0: Called Strike 2-1: Called Strike 2-2: Ball 3-2: Base on Balls
|
|
Batting: RHB Jeffrey Ahlert
|
0-0: Fly out, F7 (Flyball, 7LM, EV 82.5 MPH)
|
| Bottom of the 9th over - 0 runs, 1 hit, 0 errors, 2 left on base; Bristol 2 - Pulaski 1 |
|